 Dungeon Crawl Stone Soup version 0.24.1-4-ge52af88ad5 (webtiles) character file.

Game seed: 11008904625703616272, levelgen mode: deterministic

6866 raph the Thaumaturge (level 10, -2/56 HPs)
             Began as a Deep Elf Wizard on Apr 12, 2020.
             Was a Priest of Sif Muna.
             Slain by an eight-headed hydra (8 damage)
             ... on level 11 of the Dungeon.
             The game lasted 00:41:31 (12880 turns).

raph the Thaumaturge (Deep Elf Wizard)             Turns: 12880, Time: 00:41:32

Health: -2/56      AC: 14    Str:  4    XL:     10   Next: 78%
Magic:  24/24      EV: 14    Int: 27    God:    Sif Muna [***...]
Gold:   517        SH:  0    Dex: 13    Spells: 12/25 levels left

rFire    . . .     SeeInvis .   y - +9 dagger of Doom {drain, rC+ rN++}
rCold    + . .     Gourm    .   (no shield)
rNeg     + + .     Faith    .   t - +3 leather armour
rPois    +         Spirit   .   h - +2 helmet
rElec    .         Reflect  .   B - +2 cloak {+Inv}
rCorr    .         Harm     .   (no gloves)
MR       +....                  I - +1 pair of boots
Stlth    +++.......             (no amulet)
HPRegen  0.18/turn              i - ring of poison resistance
MPRegen  0.19/turn              l - ring of stealth

@: very slightly contaminated
A: no striking features
a: Channel Magic, Forget Spell, Renounce Religion, Evoke Invisibility


You were on level 11 of the Dungeon.
You worshipped Sif Muna.
Sif Muna was most pleased with you.
You were not hungry.

You visited 1 branch of the dungeon, and saw 12 of its levels.

You collected 517 gold pieces.

Inventory:

Hand Weapons
 g - a +1 short sword
 y - the +9 dagger of Doom (weapon) {drain, rC+ rN++}
   (You found it on level 5 of the Dungeon)

   A truly terrible weapon, it drains the life of those it strikes.
   It protects you from cold.
   It greatly protects you from negative energy.
Missiles
 o - 337 stones
 w - 8 javelins (quivered)
Armour
 a - a +1 robe
 h - a +2 helmet (worn)
 k - a +2 robe
 r - a +1 robe of magic resistance
 t - a +3 leather armour (worn)
 x - a cursed -1 buckler
 B - a +2 cloak of invisibility (worn)
 I - a +1 pair of boots (worn)
Jewellery
 e - an uncursed ring of positive energy
 i - a ring of poison resistance (left hand)
 j - a +3 ring of strength
 l - a ring of stealth (right hand)
Wands
 u - a wand of acid (7)
 E - a wand of polymorph (14)
 G - a wand of flame (21)
Scrolls
 n - 2 scrolls of identify
 v - a scroll of remove curse
Potions
 c - a potion of cancellation
 m - 4 potions of berserk rage
 p - 3 potions of might
 q - a potion of agility
 z - 2 potions of mutation
 C - a potion of magic
 F - a potion of haste
 H - a potion of lignification
 K - a potion of flight
Miscellaneous
 s - a box of beasts
Comestibles
 d - 20 rations


   Skills:
 + Level 3.8 Fighting
 + Level 4.3 Short Blades
 + Level 6.5 Dodging
 - Level 4.3 Stealth
 - Level 8.0 Spellcasting
 - Level 7.5 Conjurations
 + Level 4.3 Hexes
 - Level 5.6 Summonings
 - Level 1.1 Translocations
 - Level 1.9 Air Magic
 + Level 6.8 Invocations
 + Level 6.7 Evocations


You had 12 spell levels left.
You knew the following spells:

 Your Spells              Type           Power        Failure   Level  Hunger
a - Magic Dart            Conj           ####         1%          1    None
b - Blink                 Tloc           N/A          9%          2    None
c - Call Imp              Summ           #####...     1%          2    None
d - Conjure Flame         Conj/Fire      ####....     6%          3    None
e - Mephitic Cloud        Conj/Pois/Air  ####....     8%          3    None
f - Slow                  Hex            ####....     2%          2    None

Your spell library contained the following spells:

 Spells                   Type           Power        Failure   Level  Hunger
 Sting                    Conj/Pois      ####         1%          1    None
 Poisonous Vapours        Pois/Air       ###...       10%         2    None
 Venom Bolt               Conj/Pois      ####......   50%         5    ####...
 Olgreb's Toxic Radiance  Pois           ##......     67%         4    ##.....


Dungeon Overview and Level Annotations

Branches:
Dungeon (12/15)            Temple (0/1) D:7
   Lair: D:8-11         Orc: D:9-12

Altars:
Ashenzari
Fedhas
Hepliaklqana
Makhleb
Sif Muna
Trog
Xom
Zin
The Shining One

Shops:
D:5 %   D:8 *

Annotations:
D:4 1 exclusion
D:7 3 runed translucent doors, Diniver's ghost, novice DsFi


Message History

The iguana bites you but does no damage.
The yak gores you.
You hit the iguana.
The iguana is moderately wounded.
The iguana closely misses you.
You puncture the iguana!
The iguana is severely wounded.
The yak gores you!
You hit the iguana. You drain the iguana.
You kill the iguana!
Sif Muna accepts your kill.
You fail to use your ability.
The eight-headed hydra bites you but does no damage.
The eight-headed hydra barely misses you.
The eight-headed hydra bites you but does no damage.
The eight-headed hydra closely misses you.
The eight-headed hydra bites you! x2
* * * LOW HITPOINT WARNING * * *
The eight-headed hydra bites you!
You die...

§§≈...#Sy≈# .# #...#.#
#.#.#.≈≈###.# #.#.#.#.#
#.#.#≈## #.# #.......#
####.#≈#####.######.#.###
.......#........# #C#
#...... .......# #.#
#...... ......# #.#
#......#####..#####.#S#
#......YYD@†........#.#
#......######..######.#
#...... ####.# #.# #...D..
#....## #.# ....... #.....#
#.# .. .......
#...#.#####.#....
...Y..........+............
.....Y...##...##.####.#....
... #...##.# #.#.###


You could see an eight-headed hydra and 2 yaks.

Vanquished Creatures
  A two-headed ogre (D:8)
  Pikel (D:4)
  A cyclops (D:9)
  Joseph (D:7)
  2 hippogriffs
  A yak (D:9)
  3 wyverns
  3 hogs (D:9)
  A human (D:9)
  An ice beast (D:8)
  An orc warrior (D:6)
  A sky beast (D:8)
  2 ogres
  A black bear (D:8)
  3 phantoms
  An eye of draining (D:9)
  2 centaurs
  A big kobold (D:11)
  Blork the orc (D:6)
  7 bullfrogs
  A gnoll sergeant (D:6)
  2 scorpions
  A wyvern skeleton (D:6)
  7 killer bees (D:11)
  A wight (D:6)
  A howler monkey (D:3)
  2 crimson imps
  A quasit (D:9)
  A bullfrog zombie (D:9)
  7 orc priests
  Crazy Yiuf (D:2)
  7 hounds
  A jelly (D:11)
  7 orc wizards
  2 iguanas
  7 worker ants
  A hound zombie (D:5)
  A worker ant zombie (D:6)
  7 gnolls
  6 adders
  A shadow imp (D:11)
  An adder skeleton (D:6)
  2 worms
  5 dart slugs
  6 leopard geckos
  34 orcs
  6 giant cockroaches
  7 goblins
  7 hobgoblins
  13 jackals
  7 quokkas
  A ball python (D:8)
  4 bats
  4 frilled lizards
  8 kobolds
  A leopard gecko skeleton (D:8)
  2 quokka skeletons
  3 rats
211 creatures vanquished.

Vanquished Creatures (collateral kills)
  A troll (D:9)
  An orc priest (D:9)
  A bullfrog skeleton (D:5)
  2 orc wizards (D:9)
  An adder (D:4)
  2 jackals
  A quokka (D:8)
9 creatures vanquished.

Vanquished Creatures (others)
  A kobold (D:11)
1 creature vanquished.

Grand Total: 221 creatures vanquished

Notes
Turn   | Place    | Note
-------+----------+-------------------------------------------
     0 | D:1      | raph the Deep Elf Wizard began the quest for the Orb.
     0 | D:1      | Reached XP level 1. HP: 10/10 MP: 7/7
   357 | D:1      | Reached XP level 2. HP: 15/15 MP: 5/9
   394 | D:1      | Learned a level 2 spell: Blink
   397 | D:1      | Learned a level 2 spell: Call Imp
  1034 | D:1      | Reached XP level 3. HP: 19/19 MP: 7/11
  1039 | D:1      | Learned a level 3 spell: Conjure Flame
  1043 | D:1      | Learned a level 3 spell: Mephitic Cloud
  1814 | D:2      | Found a shimmering blue altar of Sif Muna.
  1820 | D:2      | Became a worshipper of Sif Muna the Loreminder
  1942 | D:2      | Found a runed translucent door.
  1943 | D:2      | Noticed Crazy Yiuf
  2765 | D:3      | Found a burning altar of Makhleb.
  2774 | D:3      | Reached XP level 4. HP: 24/24 MP: 3/12
  2893 | D:3      | Reached XP level 5. HP: 28/28 MP: 5/14
  3379 | D:3      | Reached skill level 5 in Conjurations
  3518 | D:4      | Reached skill level 5 in Spellcasting
  3589 | D:4      | Noticed a phantom
  3807 | D:4      | Reached skill level 1 in Air Magic
  3949 | D:4      | Reached XP level 6. HP: 32/32 MP: 11/15
  4091 | D:4      | Noticed a slave
  4216 | D:5      | Entered Level 5 of the Dungeon
  4582 | D:5      | Reached * piety under Sif Muna
  4680 | D:5      | Found Hoyvvib's Food Boutique.
  5143 | D:5      | Got a faintly glowing dagger
  5144 | D:5      | Identified the +9 dagger of Doom {drain, rC+ rN++} (You
                  | found it on level 5 of the Dungeon)
  5354 | D:4      | Noticed a slave
  5432 | D:2      | Killed Crazy Yiuf
  5432 | D:2      | Reached XP level 7. HP: 36/36 MP: 9/17
  5614 | D:6      | Reached skill level 6 in Spellcasting
  5614 | D:6      | Reached skill level 1 in Invocations
  5629 | D:6      | Reached skill level 1 in Evocations
  6282 | D:6      | Noticed Blork the orc
  6293 | D:6      | Killed Blork the orc
  6301 | D:6      | Reached XP level 8. HP: 41/41 MP: 7/20
  6700 | D:7      | Reached skill level 7 in Spellcasting
  6874 | D:7      | Noticed a hippogriff
  6888 | D:7      | Killed a hippogriff
  6909 | D:7      | Noticed Joseph
  7002 | D:7      | Killed Joseph
  7279 | D:7      | Reached ** piety under Sif Muna
  7519 | D:7      | Found a runed translucent gate.
  7519 | D:7      | Found a runed translucent gate.
  7519 | D:7      | Found a runed translucent gate.
  7520 | D:7      | Noticed Diniver's ghost (novice DsFi)
  7583 | D:7      | Found a shimmering altar of Xom.
  7625 | D:7      | Reached XP level 9. HP: 45/45 MP: 15/22
  7689 | D:7      | Found a staircase to the Ecumenical Temple.
  7945 | D:7      | Found a bloodstained altar of Trog.
  7948 | D:7      | Found a hazy altar of Hepliaklqana.
  7951 | D:7      | Found a glowing golden altar of the Shining One.
  8054 | D:7      | Found a blossoming altar of Fedhas.
  8151 | D:7      | Found a shattered altar of Ashenzari.
  8384 | D:8      | Reached skill level 8 in Spellcasting
  8478 | D:8      | Found Zin's Purification Station.
  8480 | D:8      | Found a glowing silver altar of Zin.
  9031 | D:8      | Noticed a two-headed ogre
  9056 | D:8      | Killed a two-headed ogre
  9056 | D:8      | Reached skill level 1 in Fighting
  9056 | D:8      | Reached skill level 5 in Summonings
  9056 | D:8      | Reached skill level 5 in Invocations
  9056 | D:8      | Reached skill level 5 in Evocations
  9551 | D:8      | Learned a level 2 spell: Slow
 10181 | D:9      | Noticed a troll
 10197 | D:9      | Killed a troll
 10197 | D:9      | Reached skill level 5 in Dodging
 10210 | D:9      | Noticed a cyclops
 10350 | D:9      | Reached skill level 1 in Hexes
 10417 | D:9      | Reached XP level 10. HP: 31/54 MP: 18/24
 11197 | D:9      | Killed a cyclops
 11218 | D:9      | Reached *** piety under Sif Muna
 11856 | D:4      | Noticed Pikel
 11866 | D:4      | Killed Pikel
 12307 | D:10     | Entered Level 10 of the Dungeon
 12372 | D:10     | You fall into a shaft and drop 2 floors!
 12378 | D:12     | Noticed a deep elf mage
 12419 | D:11     | Noticed a molten gargoyle
 12431 | D:11     | Noticed a molten gargoyle
 12435 | D:11     | Noticed a tengu reaver
 12435 | D:11     | Noticed a two-headed ogre
 12435 | D:11     | Noticed a deep elf annihilator
 12440 | D:11     | Noticed a cyclops
 12440 | D:11     | Noticed a molten gargoyle
 12441 | D:11     | Noticed an eight-headed hydra
 12880 | D:11     | Slain by an eight-headed hydra

Levels and vault maps discovered:
D:1:      dpeg_arrival_tiny_h, layout_basic, minmay_tetromino_s2
D:2:      layout_rooms, led_sif_pool, guppyfry_early_lair_pool,
          uniq_crazy_yiuf_cottage
D:3:      layout_loops_ring, first_ration, st_stairs_7,
          minmay_misc_feat_four_crosses, makhleb_heckhound_becter
D:4:      layout_cave_pools, uniq_pikel
D:5:      layout_gridville, serial_shops, shop
D:6:      layout_cave_pools, sword_in_stone
D:7:      layout_cave_pools, lemuel_crystal_altar,
          nicolae_overflow_hidden_temple, overflow_temple_1_default,
          grunt_temple_overflow_diamond, minmay_temple_entry_hall,
          gammafunk_ghost_necromancy, uniq_joseph
D:8:      layout_basic, zin_purify
D:9:      layout_gridville, grunt_livestock
D:10:     layout_loops_ring, david_lair_generic,
          kennysheep_orc_monster_closet_entryway
D:11:     minmay_tile_spiral, layout_basic, basic_altar, serial_shops,
          shop_statue, minivault_8, uniq_gastronok
D:12:     layout_cave_pods, serial_shops, nicolae_shop_crystal, uniq_snorg,
          uniq_josephine

Skill      XL: |  1  2  3  4  5  6  7  8  9 10 |
---------------+-------------------------------+-----
Conjurations   | 2 3 4 5 6 7 |  7.5
Stealth        | 3 4 |  4.3
Spellcasting   | 5 6 7 8 |  8.0
Air Magic      | 1 |  1.9
Dodging        | 3 5 6 |  6.5
Invocations    | 2 4 5 6 |  6.8
Evocations     | 2 4 5 6 |  6.7
Summonings     | 2 4 5 |  5.6
Fighting       | 2 3 |  3.8
Short Blades   | 2 4 |  4.3
Hexes          | 1 4 |  4.3
Translocations | |  1.1

Action                   |  1- 3 |  4- 6 |  7- 9 | 10-12 || total
-------------------------+-------+-------+-------+-------++-------
Melee: Short sword       |     9 |    12 |       |       ||    21
       Dagger            |       |     3 |   183 |   124 ||   310
Throw: Stone             |     6 |       |       |       ||     6
 Cast: Magic Dart        |   121 |   138 |   224 |    85 ||   568
       Call Imp          |     4 |     6 |    15 |    14 ||    39
       Mephitic Cloud    |     4 |     3 |    13 |     8 ||    28
       Conjure Flame     |       |     2 |     5 |     2 ||     9
       Slow              |       |       |     1 |     1 ||     2
       Blink             |       |       |       |     1 ||     1
 Abil: Evoke Invisibilit |       |       |       |     2 ||     2
  Use: Potion            |     2 |     1 |     1 |     3 ||     7
       Scroll            |       |    11 |     9 |     6 ||    26
 Stab: Confused          |       |     2 |     4 |     2 ||     8
       Sleeping          |       |     2 |     5 |     2 ||     9
       Distracted        |       |       |     1 |       ||     1
       Invisible         |       |       |       |     1 ||     1
  Eat: Chunk             |     6 |     7 |    16 |     3 ||    32
       Ration            |       |       |       |     2 ||     2
Armor: Robe              |     8 |     9 |       |       ||    17
       Leather armour    |       |     4 |    79 |    88 ||   171
Dodge: Dodged            |    22 |    28 |   152 |   131 ||   333
